AoeStats
← tavoo

Arabia

507942071Analyzed
1v1 RM · 13d ago on Sep 20, 2026· 17m 18s· 2 players
Game mode
Random Map
Map size
Tiny (2 player)
Population
200
Speed
Normal
Resources
Standard
Victory
Conquest
Starting age
Dark Age
Ending age
Imperial Age
RankedLock teamsTeams togetherTeam positionsShared explorationLock speedFull tech treeHidden civsTurbo modeCheats
Victory
Defeat
🇲🇽 Koreans · Mexico
1384
+15
🇦🇹 Goths · Austria
1358
-15
Dingodan
8:05 Loom
10:12 Feudal Age
10:20 Man-at-Arms
14:33 Horse Collar
tavoo
7:24 Loom
9:30 Feudal Age
9:37 Man-at-Arms
14:39 Fletching
15:05 Double-Bit Axe
Connection lost

Rejoining the realm…

Still unreachable

The connection could not be restored.

Session expired

The server has moved on; the page needs a fresh start.